 Dungeon Crawl Stone Soup version 0.14-a0-3367-g7c2a7eb (webtiles) character file.

266 4tharraofdagon the Chopper (level 5, 0/50 HPs)
             Began as a Troll Fighter on Mar 19, 2014.
             Succumbed to Crazy Yiuf's poison
             ... on Level 5 of the Dungeon.
             The game lasted 00:03:51 (591 turns).

4tharraofdagon the Chopper (Troll Fighter)           Turns: 591, Time: 00:03:51

HP   0/50        AC  5     Str 24      XL: 5   Next: 58%
MP   4/4         EV  8     Int  5      God:
Gold 54          SH 17     Dex  9      Spells:  0 memorised,  7 levels left

rFire  . . .     SeeInvis .     a - +0 war axe
rCold  . . .     Clarity  .     b - +0 robe
rNeg   . . .     Conserve .     c - +0 shield
rPois  .         rCorr    .     (helmet restricted)
rElec  .         rRot     .     (no cloak)
SustAb . .       Spirit   .     (gloves unavailable)
rMut   .         Warding  .     (boots unavailable)
Gourm  +         Stasis   .     (no amulet)
MR     .....                    (no ring)
                                (no ring)

@: lethally poisoned, not resistant to hostile enchantments, very unstealthy
A: unfitting armour, claws 3, fast metabolism 3, gourmand, regeneration 2,
saprovore 2, shaggy fur 1, tough skin 2
a: no special abilities


You were on level 5 of the Dungeon.
You were full.

You visited 1 branch of the dungeon, and saw 5 of its levels.

You collected 54 gold pieces.

Inventory:

Hand weapons
 a - a +0,+0 war axe (weapon)
 g - a cursed -2,+0 mace
Armour
 b - a +0 robe (worn)
 c - a +0 shield (worn)
 j - a +0 cloak
Magical devices
 l - a wand of slowing (0)
Comestibles
 d - 2 meat rations
 f - an apple
 k - a choko
Books
 i - a book of War Chants

   Spells                             Type                      Level
   Fire Brand                         Charms/Fire                  2
   Freezing Aura                      Charms/Ice                   2
   Shroud of Golubria                 Charms/Translocation         2
   Repel Missiles                     Charms/Air                   2
   Poison Weapon                      Charms/Poison                3
   Regeneration                       Charms/Necromancy            3


   Skills:
 - Level 2.4 Fighting
 * Level 4.2 Axes
 - Level 2.4 Dodging
 - Level 2.4 Shields
 + Level 1.5 Spellcasting


You had 7 spell levels left.
You didn't know any spells.

Dungeon Overview and Level Annotations

Branches:
Dungeon (5/15)
 Temple: D:4-7

Altars:

Annotations:
D:3 ciph's ghost, average OpTm
D:5 Dowan; Duvessa


Innate Abilities, Weirdness & Mutations

You are too large for most types of armour.
You have claws for hands.
Your metabolism is lightning-fast.
You like to eat raw meat.
You heal very quickly.
You can eat rotten meat.
You are covered in fur (AC +1).
You have very tough skin (AC +2).


Message History

Unknown command.
You barely miss Crazy Yiuf.
Crazy Yiuf is moderately wounded.
Crazy Yiuf cries, "You leg down broken song, no?"
Crazy Yiuf hits you with a quarterstaff of chaos.
* * * LOW HITPOINT WARNING * * *
You are poisoned.
The giant gecko bites you.
* * * LOW HITPOINT WARNING * * *
You slash Crazy Yiuf!
Crazy Yiuf is almost dead.
You feel sick. You block the giant gecko's attack.
Crazy Yiuf hits you with a quarterstaff of chaos.
* * * LOW HITPOINT WARNING * * *
The giant gecko bites you.
* * * LOW HITPOINT WARNING * * *
Unknown command.
You hit Crazy Yiuf.
You kill Crazy Yiuf!
You die...

................###.####.
####..#...########......
###....# #..........
#....# #...####... #....#
###.#...... #.SS##
#.......#.. ##.##
#.#)%...... #l##
#.#<....#.. ##@#
#.#........ #)#
#.#..#..... ##.
#....#..... .#
#.#..#..... ..
#.#..#..... ..#
#.#........ .)#
#.#..#..... ###
#.#..##..## #.#..##....


You could see a giant gecko.

Vanquished Creatures
  A sky beast (D:5)
  Crazy Yiuf (D:5)
  A worker ant (D:5)
  An iguana (D:4)
  A worm (D:5)
  An adder skeleton (D:5)
  A giant eyeball (D:4)
  An orc (D:5)
  A ball python (D:4)
  A bat (D:4)
  3 hobgoblins
  3 jackals (D:2)
  A kobold (D:5)
  3 goblins
  An orc skeleton (D:4)
21 creatures vanquished.

Notes
Turn   | Place    | Note
--------------------------------------------------------------
     0 | D:1      | 4tharraofdagon, the Troll Fighter, began the quest for the Orb.
     0 | D:1      | Reached XP level 1. HP: 22/22 MP: 1/1
    73 | D:2      | Reached XP level 2. HP: 26/29 MP: 1/1
   103 | D:3      | Noticed ciph's ghost (average OpTm)
   108 | D:3      | You fall through a shaft!
   112 | D:4      | Paralysed by a giant eyeball for 3 turns
   214 | D:4      | Reached XP level 3. HP: 16/36 MP: 2/2
   242 | D:5      | Entered Level 5 of the Dungeon
   243 | D:5      | Reached skill level 3 in Axes
   274 | D:5      | Noticed a sky beast
   376 | D:5      | Killed a sky beast
   376 | D:5      | Reached skill level 1 in Spellcasting
   376 | D:5      | Reached XP level 4. HP: 34/44 MP: 2/4
   376 | D:5      | Reached XP level 5. HP: 38/50 MP: 2/4
   403 | D:5      | Reached skill level 4 in Axes
   489 | D:5      | Noticed Duvessa
   489 | D:5      | Noticed Dowan
   583 | D:5      | Noticed Crazy Yiuf
   590 | D:5      | HP: 2/50 [Crazy Yiuf/quarterstaff of chaos (3)]
   591 | D:5      | Killed Crazy Yiuf
   591 | D:5      | Succumbed to Crazy Yiuf's poison

Action                   |  1- 3 |  4- 6 || total
-------------------------+-------+-------++-------
Melee: War axe           |    63 |    24 ||    87
Evoke: Wand              |       |     4 ||     4
  Use: Potion            |     1 |       ||     1
       Scroll            |       |     2 ||     2
 Stab: Sleeping          |     1 |       ||     1
